 Dungeon Crawl Stone Soup version 0.29-a0-375-g5102b3be25 (webtiles) character file.

Game seed: 10251625996944443445

18 purpskrrrp the Skirmisher (level 2, 0/28 HPs)
             Began as a Naga Berserker on May 4, 2022.
             Was a Follower of Trog.
             Succumbed to an adder's poison
             ... on level 2 of the Dungeon.
             The game lasted 00:04:05 (1253 turns).

purpskrrrp the Skirmisher (Naga Berserker)          Turns: 1253, Time: 00:04:06

Health: 0/28       AC:  1    Str: 19    XL:     2   Next: 70%
Magic:  2/2        EV: 10    Int:  7    God:    Trog [*.....]
Gold:   67         SH:  0    Dex: 10    Spells: 1/1 levels left

rFire   . . .      SeeInvis +   e - +0 long sword
rCold   . . .      Faith    .   (no shield)
rNeg    . . .      Spirit   .   b - +0 animal skin
rPois   +          Reflect  .   (no helmet)
rElec   .          Harm     .   (no cloak)
rCorr   .          Rampage  .   (no gloves)
Will    .....                   (no barding)
Stlth   +.........              (no amulet)
HPRegen 0.09/turn               (no ring)
MPRegen 0.08/turn               (no ring)

@: lethally poisoned (0 -> -7), very slow
A: AC +0, large, see invisible, deformed body, poison resistance, slowness 2,
spit poison 1, naga tail 1
a: Spit Poison, Renounce Religion, Berserk


You were on level 2 of the Dungeon.
You worshipped Trog.
Trog was aware of your devotion.
You visited 1 branch of the dungeon, and saw 2 of its levels.

You collected 67 gold pieces.

Inventory:

Hand Weapons
 a - a +0 hand axe
 e - a +0 long sword (weapon)
Armour
 b - a +0 animal skin (worn)
Jewellery
 c - an amulet of the acrobat
Potions
 d - 2 potions of magic {unknown}
 f - a potion of curing {unknown}


   Skills:
 + Level 3.4 Fighting
 + Level 3.2 Axes
 + Level 1.6 Armour
 + Level 1.8 Dodging


You had one spell level left.
You didn't know any spells.
Your spell library was empty.

Dungeon Overview and Level Annotations

Branches:
Dungeon (2/15)

Altars:

Shops:
D:1 [


Innate Abilities, Weirdness & Mutations

Your serpentine skin is tough. (AC +0)
You have supernaturally acute eyesight. (SInv)
Armour fits poorly on your strangely shaped body.
Your system is resistant to poisons. (rPois)
You cover ground very slowly.
You can spit poison.
You have a snake-like lower body.


Message History

You see here a +0 dagger of venom.
d - 2 fuming inky potions
Found a stone staircase leading down.
f - a silvery potion
There is a large open door here.
Done exploring.
Done exploring.
There is a large open door here.
You see here a bat skeleton.
There is a staircase leading out of the dungeon here.
There is a stone staircase leading down here.
You climb downwards.
The adder hisses angrily.
The frilled lizard hisses angrily.
You hear a shout!
There is a stone staircase leading up here.
You miss the frilled lizard. The frilled lizard closely misses you.
You closely miss the frilled lizard. The adder bites you.
A hobgoblin comes into view.
The frilled lizard barely misses you. The adder closely misses you.
You closely miss the frilled lizard. The adder bites you.
The frilled lizard bites you. The adder closely misses you.
The frilled lizard barely misses you.
You hit the frilled lizard.
You kill the frilled lizard!
Trog accepts your kill. The adder bites you. The hobgoblin barely misses you.
The adder bites you. The adder barely misses you. The adder bites you.
The hobgoblin hits you. The adder bites you.
* * * LOW HITPOINT WARNING * * *
You miss the adder. The hobgoblin barely misses you.
The adder closely misses you.
You closely miss the adder. The adder bites you but does no damage.
The hobgoblin barely misses you. The adder bites you.
* * * LOW HITPOINT WARNING * * *
You are lethally poisoned!
The adder poisons you! The hobgoblin hits you.
* * * LOW HITPOINT WARNING * * *
You slash the hobgoblin!
You kill the hobgoblin!
Trog accepts your kill.
You die...

. #########
#.####...#...
#..........#
#.##.....†.#####
.......@S<.....#
.###.......###.#
###.....#
#.....# ####..#
.... #..## #..#


You could see an adder.

Vanquished Creatures
  A gnoll (D:1)
  An endoplasm (D:1)
  2 goblins (D:1)
  A hobgoblin (D:2)
  2 ball pythons (D:1)
  2 bats (D:1)
  2 frilled lizards
11 creatures vanquished.

Notes
Turn   | Place    | Note
-------+----------+-------------------------------------------
     0 | D:1      | purpskrrrp the Naga Berserker began the quest for the Orb.
     0 | D:1      | Reached XP level 1. HP: 21/21 MP: 1/1
   276 | D:1      | Found Pocriup's Armour Shoppe.
   456 | D:1      | Reached XP level 2. HP: 19/28 MP: 2/2
  1253 | D:2      | Succumbed to an adder's poison

Illustrated notes

Levels and vault maps discovered:
D:1:      minmay_arrival_stone_box, layout_basic, serial_shops,
          nicolae_shop_competitors_out_of_business
D:2:      layout_loops_ring

Action                   || total
-------------------------++-------
Melee: Hand axe          ||    18
       Long sword        ||    14
  Use: Scroll            ||     4
Armor: Animal skin       ||     6
Dodge: Dodged            ||    16

Table legend: (Time is in decaauts)
 A = Elapsed time spent in this place.
 B = Non-inter-level travel time spent in this place.
 C = Inter-level travel time spent in this place.
 D = Time resting spent in this place.
 E = Time spent auto-exploring this place.
 F = Levels seen in this place.
 G = Mean time per level.
                   A        B        C        D        E       F      G
               +--------+--------+--------+--------+--------+-----+--------+
         Total |   1605 |   1387 |    218 |      0 |   1261 |   2 |  802.5 |
       Dungeon |   1605 |   1387 |    218 |      0 |   1261 |   2 |  802.5 |
               +--------+--------+--------+--------+--------+-----+--------+

Top non-repeatable levels by time:
     D:1: 1593 daAuts
     D:2: 11 daAuts
